 Dungeon Crawl Stone Soup version 0.26-a0-639-g72c4674329 (webtiles) character file.

Game seed: 16115122367546605937

1290 maggie the Magician (level 8, -1/46 HPs)
             Began as a Deep Elf Fire Elementalist on Sept 19, 2020.
             Slain by an ogre
             ... wielding a +0 giant club
              (28 damage)
             ... on level 5 of the Dungeon.
             The game lasted 00:24:42 (9398 turns).

maggie the Magician (Deep Elf Fire Elementalist)    Turns: 9398, Time: 00:24:42

Health: -1/46      AC:  2    Str:  7    XL:     8   Next: 30%
Magic:  16/20      EV: 13    Int: 21    God:
Gold:   328        SH:  0    Dex: 15    Spells: 12/20 levels left

rFire    . . .     SeeInvis .   r - +1 falchion (protect)
rCold    . . .     Faith    .   (no shield)
rNeg     . . .     Spirit   .   (no armour)
rPois    .         Reflect  .   s - +0 helmet
rElec    .         Harm     .   (no cloak)
rCorr    .         Rampage  .   B - +0 pair of gloves
MR       .....                  (no boots)
Stlth    ++........             h - amulet of magic regeneration
HPRegen  0.15/turn              (no ring)
MPRegen  0.42/turn              (no ring)

@: no status effects
A: no striking features
a: no special abilities


You were on level 5 of the Dungeon.
You visited 1 branch of the dungeon, and saw 5 of its levels.
You also visited: Sewer.

You collected 328 gold pieces.

Inventory:

Hand Weapons
 e - a +0 club
 k - a +0 mace
 r - a +1 falchion of protection (weapon)
 A - a +0 broad axe
 G - a +0 rapier
Missiles
 y - 14 poisoned darts (quivered)
 I - 5 boomerangs
Armour
 a - a +0 robe
 n - a +0 ring mail
 s - a +0 helmet (worn)
 t - a +0 animal skin
 B - a +0 pair of gloves (worn)
 F - a +0 pair of boots
Jewellery
 h - an amulet of magic regeneration (around neck)
Wands
 v - a wand of random effects (13)
 E - a wand of paralysis (8)
Scrolls
 b - a scroll of blinking {unknown}
 c - a scroll of teleportation {unknown}
 d - 2 scrolls of enchant armour {unknown}
 f - 2 scrolls of enchant weapon {unknown}
 i - a scroll of magic mapping {unknown}
 q - 3 scrolls of remove curse {unknown}
 u - 3 scrolls of amnesia {unknown}
 x - 2 scrolls of fear {unknown}
 D - 4 scrolls of identify
 H - a scroll of fog {unknown}
Potions
 g - 2 potions of might
 j - 2 potions of ambrosia
 l - 3 potions of berserk rage
 o - 2 potions of stabbing
 p - 3 potions of flight
 w - 2 potions of brilliance {unknown}
 z - 6 potions of heal wounds {unknown}
 C - 2 potions of mutation {unknown}


   Skills:
 * Level 3.3 Fighting
 + Level 1.2 Long Blades
 * Level 3.7 Armour
 - Level 2.4 Dodging
 - Level 2.4 Stealth
 + Level 6.7 Spellcasting
 + Level 4.5 Conjurations
 + Level 5.6 Fire Magic


You had 12 spell levels left.
You knew the following spells:

 Your Spells              Type           Power        Failure   Level
a - Foxfire               Conj/Fire      ####         1%          1
b - Conjure Flame         Conj/Fire      ####....     3%          3
c - Sticky Flame          Conj/Fire      ####....     11%         4

Your spell library contained the following spells:

 Spells                   Type           Power        Failure   Level
 Inner Flame              Hex/Fire       ###.....     9%          3
 Fireball                 Conj/Fire      ####......   30%         5


Dungeon Overview and Level Annotations

Branches:
Dungeon (5/15)              Sewer (visited)
 Temple: D:4-7

Altars:
Elyvilon
Fedhas
Hepliaklqana
Kikubaaqudgha
Nemelex Xobeh
Okawaru
Sif Muna
Uskayaw
Vehumet

Annotations:
D:3 3 runed translucent doors, exclusion: downstairs, Apogee's ghost, amateur DECj


Message History

The jackal barks! x3
You hit the jackal.
Your weapon exudes an aura of protection.
The jackal is almost dead.
The jackal misses you.
There is an open door here.
You see here an adder skeleton.
You see here a +0 halberd.
Casting: Sticky Flame (quite dangerous; 11% risk of failure)
Confirm with . or Enter, or press ? or * to list all spells.
The spell is quite dangerous to cast (11% risk of failure)!
Continue anyway?
Aiming: Sticky Flame (quite dangerous; 11% risk of failure)
Press: ? - help, Shift-Dir - straight line, f - ogre
Aim: an ogre, wielding a +0 giant club The sticky flame hits the ogre.
The ogre is moderately wounded.
The ogre is covered in liquid flames!
The ogre burns!
The ogre hits you with a +0 giant club!!
Ouch! That really hurt!
You die...

...# #......#
#.#.######.. ...#
##....#.##
#h#.######..
...#..........#
#.#.........
####..........#
#g#.)†......
..........#
#h#.........
..........#
#h#.######..
############.##
#.#.# ......#
#..####÷#.# ######
......#
##.#.@Oh#.#
##..... ......#
#...####.# #......
......# ##..# #)#
##..._.. ......#
#..# #†# #.......
......# ##.#
#.#####.......
......# #.##
#...........##
....(.# #..#
#...........#
......# #..#
#...........#
#######
#..###...........#


You could see an ogre (burning) and a jackal.

Vanquished Creatures
  A water moccasin (D:5)
  2 ogres (D:5)
  A centaur (D:5)
  3 big kobolds (Sewer)
  A bullfrog skeleton (D:4)
  3 orc priests (D:4)
  2 orc wizards
  A gnoll shaman (D:4)
  2 iguanas
  5 worker ants
  Robin (D:2)
  9 adders
  9 gnolls
  5 oozes
  An adder zombie (D:5)
  5 worms
  6 dart slugs
  2 leopard geckos
  10 orcs
  11 bats
  8 giant cockroaches
  14 goblins
  13 hobgoblins
  6 jackals
  17 kobolds
  2 quokkas
  4 ball pythons
  8 frilled lizards
  A quokka skeleton (D:5)
  A quokka zombie (D:5)
  11 rats
165 creatures vanquished.

Vanquished Creatures (collateral kills)
  6 foxfires
6 creatures vanquished.

Vanquished Creatures (others)
  566 foxfires
  6 plants
572 creatures vanquished.

Grand Total: 743 creatures vanquished

Notes
Turn   | Place    | Note
-------+----------+-------------------------------------------
     0 | D:1      | maggie the Deep Elf Fire Elementalist began the quest for
                  | the Orb.
     0 | D:1      | Reached XP level 1. HP: 10/10 MP: 6/6
   356 | D:1      | Reached XP level 2. HP: 16/16 MP: 5/8
   567 | D:1      | Reached skill level 1 in Fighting
  1064 | D:1      | Reached XP level 3. HP: 14/20 MP: 4/9
  1986 | D:2      | Learned a level 3 spell: Conjure Flame
  2348 | D:2      | Reached skill level 1 in Armour
  2600 | D:2      | Reached XP level 4. HP: 25/25 MP: 8/11
  3226 | D:2      | Noticed Robin
  3240 | D:2      | Killed Robin
  3247 | D:2      | Reached skill level 4 in Spellcasting
  3432 | D:2      | Found a shimmering blue altar of Sif Muna.
  3719 | D:2      | Found a faded altar of an unknown god.
  3773 | D:3      | Found a hide-covered altar of Uskayaw.
  3957 | D:3      | Reached XP level 5. HP: 30/30 MP: 11/13
  3959 | D:3      | Found a glowing drain.
  3973 | Sewer    | Entered a sewer
  4352 | Sewer    | Reached XP level 6. HP: 32/35 MP: 10/15
  4605 | D:3      | Found an ancient bone altar of Kikubaaqudgha.
  4606 | D:3      | Found a sparkling altar of Nemelex Xobeh.
  4606 | D:3      | Found a hazy altar of Hepliaklqana.
  4696 | D:3      | Found a radiant altar of Vehumet.
  4734 | D:3      | Found a runed translucent gate.
  4735 | D:3      | Found a runed translucent gate.
  4735 | D:3      | Noticed Apogee's ghost (amateur DECj)
  4736 | D:3      | Found a runed translucent gate.
  5492 | D:3      | Reached skill level 5 in Spellcasting
  6100 | D:4      | Reached XP level 7. HP: 27/40 MP: 14/16
  7286 | D:3      | Learned a level 4 spell: Sticky Flame
  7780 | D:4      | Reached skill level 5 in Fire Magic
  7799 | D:4      | Reached skill level 1 in Long Blades
  8506 | D:5      | Entered Level 5 of the Dungeon
  8752 | D:5      | Reached skill level 6 in Spellcasting
  8781 | D:5      | Reached XP level 8. HP: 21/46 MP: 17/19
  9042 | D:5      | Found an iron altar of Okawaru.
  9231 | D:5      | Found a white marble altar of Elyvilon.
  9262 | D:5      | Found a blossoming altar of Fedhas.
  9398 | D:5      | Slain by an ogre

Illustrated notes

Levels and vault maps discovered:
D:1:      lemuel_arrival_muddy, layout_loops_ring
D:2:      layout_loops_ring, lemuel_coloured_pillars_altar,
          chequers_ecumenical_altar_lobes, minmay_misc_feat_encased, uniq_robin
D:3:      layout_basic, vehumet_crystals, nicolae_overflow_hidden_temple,
          gammafunk_temple_overflow_claw, portal_sewer_entry_d,
          gammafunk_ghost_split
D:4:      layout_loops_ring
D:5:      layout_basic, okawaru_altar_gauntlet_db, lemuel_crystal_altar,
          basic_altar

Skill      XL: |  1  2  3  4  5  6  7 |
---------------+----------------------+-----
Fighting       | 1 2 3 |  3.3
Armour         | 1 2 3 |  3.7
Fire Magic     | 4 5 |  5.6
Conjurations   | 2 3 4 |  4.5
Spellcasting   | 4 5 6 |  6.7
Long Blades    | 1 |  1.2
Dodging        | |  2.4
Stealth        | |  2.4

Action                   |  1- 3 |  4- 6 |  7- 9 || total
-------------------------+-------+-------+-------++-------
Melee: Unarmed           |     1 |       |       ||     1
       Falchion          |       |     3 |     3 ||     6
 Cast: Foxfire           |   110 |   174 |   108 ||   392
       Sticky Flame      |       |       |     3 ||     3
  Use: Scroll            |       |     6 |       ||     6
       Potion            |       |     2 |     2 ||     4
Armor: Robe              |    16 |     4 |       ||    20
       Ring mail         |       |    48 |     7 ||    55
       Skin              |       |       |     5 ||     5
Dodge: Dodged            |    73 |    84 |    67 ||   224
       Rpst.: Falchion   |       |    24 |    24 ||    48

Table legend: (Time is in decaauts)
 A = Elapsed time spent in this place.
 B = Non-inter-level travel time spent in this place.
 C = Inter-level travel time spent in this place.
 D = Time resting spent in this place.
 E = Time spent auto-exploring this place.
 F = Levels seen in this place.
 G = Mean time per level.
                   A        B        C        D        E       F      G
               +--------+--------+--------+--------+--------+-----+--------+
         Total |   9443 |   9113 |    330 |   2648 |   4739 |   6 | 1573.8 |
       Dungeon |   8845 |   8515 |    330 |   2501 |   4500 |   5 | 1769.0 |
         Sewer |    598 |    598 |      0 |    147 |    238 |   1 |  598.0 |
               +--------+--------+--------+--------+--------+-----+--------+

Top non-repeatable levels by time:
     D:3: 2429 daAuts
     D:1: 1973 daAuts
     D:2: 1799 daAuts
     D:4: 1750 daAuts
     D:5: 892 daAuts
   Sewer: 598 daAuts
